[Event "FIDE World Rapid Chess Championship 2021"]
[White "Karjakin, Sergey"]
[Black "Mitrabha, Guha"]
[WhiteFideId "14109603"]
[BlackFideId "5057000"]
[WhiteElo "2757"]
[BlackElo "2107"]
[Result "1/2-1/2"]
[Round "09"]
[TimeControl "900+10"]
[Date "2021.12.27"]
[WhiteClock "0:00:15"]
[BlackClock "0:06:46"]

1. e4 c6 2. Nf3 d5 3. exd5 cxd5 4. Ne5 Nc6 5. Bb5 Bd7 6. Bxc6 Bxc6 7. O-O Nf6 8. d4 e6 9. c3 Bd6 10. Re1 Qc7 11. Bf4 O-O 12. Nd2 Rae8 13. Bg3 Nd7 14. Nxd7 Qxd7 15. Re3 f6 16. Nf3 Re7 17. Bxd6 Qxd6 18. Qe2 Rfe8 19. Re1 a5 20. g3 Bd7 21. Qd3 Qb6 22. Qd2 Qd6 23. Nh4 Bb5 24. f4 b6 25. Nf3 Rc8 26. Kg2 Be8 27. Nh4 Bg6 28. Nxg6 hxg6 29. Qe2 Kf7 30. h4 Rh8 31. Qb5 Rc8 32. Qe2 Rh8 33. Qb5 Rc8 34. a4 Qc6 35. Qxc6 Rxc6 36. Kf2 Rb7 37. Ra1 Rc4 38. Re2 Re7 39. Ra3 Rb7 40. Ke1 Ke7 41. Kd2 Kd6 42. Kd3 Rc8 43. Re1 Rbc7 44. Rb3 Rc6 45. Rb5 Rh8 46. b3 g5 47. fxg5 fxg5 48. hxg5 Rh5 49. Re5 Rh3 50. Re3 Rh5 51. g6 Rg5 52. c4 Rxg6 53. Rxb6 dxc4+ 54. bxc4 Rxb6 55. c5+ Kc6 56. cxb6 Kxb6 57. Kc4 Kc7 58. Kc5 Kd7 59. Kb6 Rg5 60. Re5 Rxg3 61. Rxa5 Ra3 62. Kc5 Rc3+ 63. Kb4 Rc1 64. Rg5 Kd6 65. a5 Rb1+ 66. Kc4 Rc1+ 67. Kb4 Rb1+ 68. Kc4 Rc1+ 69. Kb5 Rb1+ 70. Ka6 Rb4 71. Rxg7 Rxd4 72. Kb5 Rd1 73. a6 Rb1+ 74. Ka5 Ra1+ 75. Kb6 Rb1+ 76. Ka7 e5 77. Rb7 Ra1 78. Rb3 e4 79. Kb6 Kd5 80. a7 Kc4 81. Rh3 Kd4 82. Rh8 e3 83. a8=Q Rxa8 84. Rxa8 e2 85. Re8 Kd3 86. Rxe2 Kxe2 1/2-1/2


[Site "http://www.Chess.com"]

[Event "FIDE World Rapid Chess Championship 2021"]
[White "Ponkratov, Pavel"]
[Black "Vachier-Lagrave, Maxime"]
[WhiteFideId "4157800"]
[BlackFideId "623539"]
[WhiteElo "2614"]
[BlackElo "2773"]
[Result "1/2-1/2"]
[Round "09"]
[TimeControl "900+10"]
[Date "2021.12.27"]
[WhiteClock "0:00:33"]
[BlackClock "0:01:46"]

1. e4 c5 2. Nf3 d6 3. d4 cxd4 4. Nxd4 Nf6 5. Nc3 a6 6. a4 e5 7. Nf3 Be7 8. g3 O-O 9. Bg2 Nc6 10. O-O Be6 11. Nh4 Nd4 12. Be3 Ng4 13. Bxd4 Bxh4 14. gxh4 Qxh4 15. h3 exd4 16. Qxd4 Nf6 17. Qxd6 Nh5 18. Qh2 Nf4 19. Qg3 Qh6 20. h4 Rac8 21. Rfe1 Rc5 22. Rad1 Rh5 23. Nd5 Rxh4 24. Nxf4 Rxf4 25. Rd6 Rf6 26. Re3 Rg6 27. Qh2 Qg5 28. c3 Qa5 29. Rd4 Bb3 30. f4 Bxa4 31. f5 Rh6 32. b4 Qb6 33. Qf4 Bc6 34. Rg3 Kh8 35. e5 Bxg2 36. f6 Rg6 37. Rxg6 fxg6 38. Kxg2 Qc6+ 39. Kh2 gxf6 40. Rd6 Qc7 41. Rxf6 Rxf6 42. Qxf6+ Kg8 43. Kg1 g5 44. e6 Qg3+ 45. Kh1 Qe1+ 46. Kg2 Qe2+ 47. Kg1 Qg4+ 48. Kh1 Qe4+ 49. Kg1 Qg4+ 50. Kh1 1/2-1/2


[Site "http://www.Chess.com"]

[Event "FIDE World Rapid Chess Championship 2021"]
[White "Wojtaszek, Radoslaw"]
[Black "Timofeev, Artyom"]
[WhiteFideId "1118358"]
[BlackFideId "4140419"]
[WhiteElo "2743"]
[BlackElo "2591"]
[Result "1/2-1/2"]
[Round "09"]
[TimeControl "900+10"]
[Date "2021.12.27"]
[WhiteClock "0:00:46"]
[BlackClock "0:03:10"]

1. d4 d5 2. c4 e6 3. Nc3 c6 4. e3 Bd6 5. Bd3 f5 6. f4 Nf6 7. Nf3 O-O 8. O-O Bd7 9. Qb3 b6 10. Bd2 a6 11. Rac1 b5 12. cxd5 cxd5 13. Ne5 Be8 14. Ne2 Qe7 15. a3 Nbd7 16. Ba5 Ng4 17. Nxg4 fxg4 18. Bc7 Nf6 19. Qc2 Bd7 20. Bxd6 Qxd6 21. Qc7 Qxc7 22. Rxc7 Rfc8 23. Rfc1 Kf7 24. f5 Ke7 25. fxe6 Rxc7 26. Rxc7 Kxe6 27. Rc1 Kd6 28. Nc3 Rb8 29. Kf2 g6 30. e4 dxe4 31. Nxe4+ Nxe4+ 32. Bxe4 b4 33. Rc5 bxa3 34. bxa3 Rb2+ 35. Ke3 Rb3+ 36. Kf4 Rxa3 37. Rd5+ Ke7 38. Re5+ Kd6 39. Rd5+ Ke7 40. Re5+ Kd6 41. Rd5+ 1/2-1/2


[Site "http://www.Chess.com"]

[Event "FIDE World Rapid Chess Championship 2021"]
[White "Salem, A.R. Saleh"]
[Black "Bluebaum, Matthias"]
[WhiteFideId "9301348"]
[BlackFideId "24651516"]
[WhiteElo "2729"]
[BlackElo "2575"]
[Result "1/2-1/2"]
[Round "09"]
[TimeControl "900+10"]
[Date "2021.12.27"]
[WhiteClock "0:00:29"]
[BlackClock "0:00:35"]

1. d4 d5 2. c4 e6 3. Nc3 Nf6 4. cxd5 exd5 5. Bg5 c6 6. e3 h6 7. Bh4 Be7 8. Bd3 O-O 9. Nge2 Re8 10. O-O a5 11. a4 Nh5 12. Bxe7 Qxe7 13. Qd2 Nd7 14. Rae1 Nb6 15. Nf4 Nxf4 16. exf4 Qf8 17. Rxe8 Qxe8 18. f5 Qd8 19. Qf4 Bd7 20. h4 Qb8 21. Qg4 Qd6 22. b3 Be8 23. Bc2 Nd7 24. Qf3 Nf6 25. g4 c5 26. Ne2 Ne4 27. Qe3 cxd4 28. Qxd4 Qe7 29. f3 Rc8 30. Bxe4 dxe4 31. f6 Qxf6 32. Qxf6 gxf6 33. fxe4 Bd7 34. Rxf6 Bxg4 35. Nf4 Re8 36. Nd5 Rxe4 37. Rxh6 Kg7 38. Rb6 Be6 39. Nc7 Rxh4 40. Nxe6+ fxe6 41. Rxb7+ 1/2-1/2


[Site "http://www.Chess.com"]

[Event "FIDE World Rapid Chess Championship 2021"]
[White "Aronian, Levon"]
[Black "Efimenko, Zahar"]
[WhiteFideId "13300474"]
[BlackFideId "14107201"]
[WhiteElo "2728"]
[BlackElo "2609"]
[Result "1-0"]
[Round "09"]
[TimeControl "900+10"]
[Date "2021.12.27"]
[WhiteClock "0:05:04"]
[BlackClock "0:01:13"]

1. d4 d6 2. e4 g6 3. Nf3 Bg7 4. Bc4 Nf6 5. Qe2 c6 6. Bb3 O-O 7. O-O Bg4 8. Nbd2 e5 9. dxe5 dxe5 10. h3 Bxf3 11. Nxf3 Nbd7 12. c3 Qe7 13. a4 Nc5 14. Bc2 a5 15. Qc4 Nfd7 16. Rd1 Ne6 17. Be3 Kh8 18. Rd2 f5 19. Rad1 Ndc5 20. Rd6 fxe4 21. Bxe4 Nxe4 22. Qxe6 Rae8 23. Qxe7 Rxe7 24. Rd7 Rxd7 25. Rxd7 b5 26. Ra7 Rb8 27. Rxa5 Kg8 28. Ra6 bxa4 29. Rxa4 Nd6 30. Bc5 Nb5 31. Ra6 Rc8 32. Ng5 h6 33. Ne4 Bf8 34. Bxf8 Kxf8 35. Rb6 Rc7 36. Rb8+ Kf7 37. Rh8 Kg7 38. Re8 Ra7 39. Rxe5 Ra2 40. Re7+ Kf8 41. Re6 Kf7 42. Rf6+ Kg7 43. Rxc6 Rxb2 44. h4 h5 45. Kh2 Rb1 46. Kg3 Re1 47. Kf4 Kh6 48. Rc5 Rb1 49. f3 Rb2 50. g3 Rb3 51. Rc6 Ra3 52. Rc5 Rb3 53. Ke5 Kg7 54. c4 Nc3 55. Rc7+ Kf8 56. Nc5 1-0


[Site "http://www.Chess.com"]

[Event "FIDE World Rapid Chess Championship 2021"]
[White "Najer, Evgeniy"]
[Black "Korobov, Anton"]
[WhiteFideId "4118987"]
[BlackFideId "14105730"]
[WhiteElo "2565"]
[BlackElo "2689"]
[Result "1/2-1/2"]
[Round "09"]
[TimeControl "900+10"]
[Date "2021.12.27"]
[WhiteClock "0:00:37"]
[BlackClock "0:02:19"]

1. e4 c5 2. Nf3 d6 3. d4 cxd4 4. Nxd4 Nf6 5. Nc3 a6 6. Be2 e6 7. O-O Be7 8. f4 O-O 9. a4 Qc7 10. a5 Nc6 11. Kh1 Nxa5 12. e5 dxe5 13. fxe5 Nd7 14. Bf4 Nxe5 15. Bd3 g6 16. Qe1 Nxd3 17. Bxc7 Nxe1 18. Bxa5 Nxg2 19. Kxg2 b5 20. Rad1 Bb7+ 21. Nf3 Bc6 22. Kg3 Rac8 23. Ne5 b4 24. Nxc6 Rxc6 25. Na2 Rxc2 26. Rd7 Rxb2 27. Rxe7 Rxa2 28. Bxb4 Rb2 29. Bd6 Rd2 30. Bc5 Rc2 31. Bd6 Rc6 32. Rd7 Rc3+ 33. Rf3 Rxf3+ 34. Kxf3 Ra8 35. Kf4 h6 36. Ke5 Kg7 37. Be7 g5 38. h4 Kg6 39. hxg5 hxg5 40. Bxg5 Kxg5 41. Rxf7 a5 42. Kxe6 a4 43. Kd5 a3 44. Rf1 a2 45. Ra1 Kf4 46. Kc4 Ke3 47. Kb3 1/2-1/2


[Site "http://www.Chess.com"]

[Event "FIDE World Rapid Chess Championship 2021"]
[White "Saric, Ivan"]
[Black "Niemann, Hans Moke"]
[WhiteFideId "14508150"]
[BlackFideId "2093596"]
[WhiteElo "2684"]
[BlackElo "2327"]
[Result "0-1"]
[Round "09"]
[TimeControl "900+10"]
[Date "2021.12.27"]
[WhiteClock "0:00:10"]
[BlackClock "0:06:04"]

1. e4 c5 2. Nf3 d6 3. d4 cxd4 4. Nxd4 Nf6 5. Nc3 Nc6 6. Bg5 e6 7. Qd2 a6 8. O-O-O Bd7 9. Kb1 b5 10. Nxc6 Bxc6 11. f3 Be7 12. h4 h6 13. Be3 d5 14. e5 Nd7 15. f4 Bxh4 16. Ne2 Be7 17. Nd4 Qc7 18. f5 Nc5 19. Bf4 Bd7 20. g4 O-O-O 21. Rh3 Kb8 22. Qh2 Ne4 23. Bd3 Bc5 24. c3 Rhe8 25. f6 gxf6 26. Bxe4 dxe4 27. Rxh6 b4 28. Rc1 Qb7 29. exf6+ Ka8 30. Nb3 Bf8 31. Rh7 e3 32. Rxf7 e5 33. Bg3 Bf5+ 34. gxf5 Qxf7 35. Bxe5 Qd5 36. Bd4 e2 37. Re1 Qxf5+ 38. Ka1 Qf1 39. Qh4 bxc3 40. bxc3 Ba3 41. Nd2 Qf5 42. Qh1+ Qd5 43. Qxd5+ Rxd5 44. Nc4 Rxd4 45. cxd4 Bb4 46. f7 Bc3+ 47. Kb1 Rb8+ 48. Nb6+ Rxb6+ 49. Kc2 Bb4 50. Rxe2 Rf6 51. Kb3 a5 52. a3 Rf3+ 53. Kc4 Bxa3 54. Kb5 Bb4 55. d5 Rxf7 56. d6 Rd7 57. Re6 Kb7 58. Re7 Kc8 59. Re6 Rd8 60. Rg6 Kd7 61. Ka4 Kc6 0-1


[Site "http://www.Chess.com"]

[Event "FIDE World Rapid Chess Championship 2021"]
[White "Sanal, Vahap"]
[Black "Svane, Rasmus"]
[WhiteFideId "6300545"]
[BlackFideId "4657101"]
[WhiteElo "2509"]
[BlackElo "2677"]
[Result "1/2-1/2"]
[Round "09"]
[TimeControl "900+10"]
[Date "2021.12.27"]
[WhiteClock "0:02:36"]
[BlackClock "0:00:54"]

1. e4 e5 2. Nc3 Nf6 3. Bc4 Nxe4 4. Qh5 Nd6 5. Qxe5+ Qe7 6. Qxe7+ Bxe7 7. Be2 Nc6 8. Nd5 Bd8 9. c3 Ne7 10. Nxe7 Bxe7 11. d4 Ne4 12. Bf4 c6 13. f3 Nf6 14. Bd3 d5 15. Ne2 Nh5 16. Bd2 g6 17. g4 Ng7 18. Kf2 h5 19. h3 Bd7 20. Bf4 O-O-O 21. Be5 f6 22. Bh2 Rh6 23. Nf4 f5 24. Rae1 Bh4+ 25. Bg3 Bxg3+ 26. Kxg3 g5 27. Nxh5 Nxh5+ 28. gxh5 f4+ 29. Kg2 Rxh5 30. Re5 Re8 31. Rxe8+ Bxe8 32. Bf5+ Bd7 33. Bg4 Rh7 34. Re1 Kc7 35. Re5 Rg7 36. Kf2 Kd6 37. Kf1 a5 38. a4 b6 39. Kf2 Rg8 40. b3 Bxg4 41. fxg4 c5 42. Rf5 Ke6 43. c4 cxd4 44. Rxd5 Rh8 45. Kg2 f3+ 46. Kxf3 Rxh3+ 47. Ke4 Rxb3 48. Kxd4 Rb4 49. Rxg5 Rxa4 50. Rg6+ Kd7 51. Rxb6 Ra1 52. g5 a4 53. Kc5 a3 54. Rb3 a2 55. Rb2 Kc7 56. g6 Rg1 57. Rxa2 Rg5+ 58. Kb4 1/2-1/2


[Site "http://www.Chess.com"]

[Event "FIDE World Rapid Chess Championship 2021"]
[White "Harsha, Bharathakoti"]
[Black "Matlakov, Maxim"]
[WhiteFideId "5078776"]
[BlackFideId "4168003"]
[WhiteElo "2484"]
[BlackElo "2652"]
[Result "1/2-1/2"]
[Round "09"]
[TimeControl "900+10"]
[Date "2021.12.27"]
[WhiteClock "0:01:11"]
[BlackClock "0:06:14"]

1. d4 Nf6 2. Nf3 d5 3. g3 c5 4. Bg2 cxd4 5. O-O h6 6. b3 e6 7. Bb2 Bc5 8. Nxd4 O-O 9. c4 e5 10. Nf3 e4 11. Nd4 Re8 12. Na3 Qe7 13. Nac2 dxc4 14. bxc4 Nc6 15. Nxc6 bxc6 16. Nd4 Bd7 17. Qc2 Bd6 18. Rfd1 c5 19. Nb5 Be5 20. Bxe5 Qxe5 21. Nd6 Re6 22. Nxe4 Nxe4 23. Qxe4 Qxe4 24. Bxe4 Rxe4 25. Rxd7 Rxe2 26. Rb1 Rxa2 27. Rbb7 Rf8 28. Rdc7 g5 29. Rxc5 Kg7 30. Rcc7 a5 31. Ra7 a4 32. g4 h5 33. gxh5 Kh6 34. Rc6+ Kxh5 35. Rca6 f6 36. Rxa4 Rc2 37. Ra8 Rxa8 38. Rxa8 Rxc4 39. Ra3 Kg6 1/2-1/2


[Site "http://www.Chess.com"]

[Event "FIDE World Rapid Chess Championship 2021"]
[White "Petrosian, Tigran L."]
[Black "Gukesh, D"]
[WhiteFideId "13301616"]
[BlackFideId "46616543"]
[WhiteElo "2621"]
[BlackElo "2050"]
[Result "0-1"]
[Round "09"]
[TimeControl "900+10"]
[Date "2021.12.27"]
[WhiteClock "0:00:16"]
[BlackClock "0:00:12"]

1. Nf3 d5 2. g3 g6 3. c4 dxc4 4. Na3 Bg7 5. Nxc4 Nc6 6. d3 e5 7. Bd2 Nge7 8. Bg2 O-O 9. O-O a5 10. Bc3 f6 11. b3 Be6 12. Rc1 Qd7 13. Bb2 Rfd8 14. Re1 Ra7 15. Nfd2 Bd5 16. Ne4 b6 17. Ne3 Be6 18. Nc3 Nd4 19. Nc4 Bg4 20. Ba3 Nc8 21. Ne3 Be6 22. Ned5 Nf5 23. Qd2 Ncd6 24. Bxd6 Nxd6 25. Na4 Nf5 26. Ndc3 Bh6 27. e3 Bg7 28. Qc2 Ne7 29. d4 exd4 30. exd4 Bf7 31. Rxe7 Qxe7 32. Nb5 c5 33. Nxb6 Bh6 34. Rf1 Ra6 35. dxc5 Rd2 36. Qc3 Rxa2 37. Re1 Re2 38. Rxe2 Qxe2 39. Bf1 Qe5 40. Qc2 Kg7 41. h4 Be6 42. Kh2 Bf5 43. Qc4 Qe1 44. Kg1 Be3 45. fxe3 Qxg3+ 46. Kh1 Qxe3 47. Nd6 Ra7 48. Nxf5+ gxf5 49. Nd5 Qf2 50. Bg2 Kh8 51. Qf4 Qxc5 52. Nxf6 Re7 53. Qg5 Re1+ 54. Kh2 Qg1+ 55. Kh3 Re3+ 0-1


[Site "http://www.Chess.com"]

[Event "FIDE World Rapid Chess Championship 2021"]
[White "Sargsyan, Shant"]
[Black "Santos Latasa, Jaime"]
[WhiteFideId "13306766"]
[BlackFideId "2293307"]
[WhiteElo "2344"]
[BlackElo "2618"]
[Result "0-1"]
[Round "09"]
[TimeControl "900+10"]
[Date "2021.12.27"]
[WhiteClock "0:00:49"]
[BlackClock "0:01:31"]

1. d4 Nf6 2. c4 e6 3. Nf3 d5 4. g3 Be7 5. Bg2 O-O 6. O-O c6 7. Qc2 b6 8. b3 Bb7 9. Nc3 Nbd7 10. e4 Ba6 11. e5 Ne8 12. Qe2 Nc7 13. Rd1 dxc4 14. bxc4 b5 15. Qe4 b4 16. Ne2 Bxc4 17. Nf4 Nd5 18. Nh5 Nc3 19. Qg4 g6 20. Re1 Ne2+ 21. Kh1 Nxc1 22. Rexc1 Bd3 23. Nh4 Bxh4 24. gxh4 Kh8 25. Nf4 Bf5 26. Qg3 Rc8 27. a3 b3 28. Qxb3 Qxh4 29. Qe3 Nb6 30. Bxc6 Rfd8 31. Bb7 Rc4 32. Rd1 Rc2 33. Qg3 Qxg3 34. fxg3 g5 35. Ng2 Rd7 36. Ba6 Be4 37. Bf1 Nc4 38. Kg1 Nd2 39. Ne1 Rb2 40. Bg2 Rxd4 41. Rac1 Bxg2 42. Kxg2 Nc4+ 43. Kh3 g4+ 44. Kh4 Rxh2+ 45. Kg5 h6+ 46. Kf6 Rf2+ 47. Ke7 Rxd1 48. Rxd1 Nxe5 49. Rc1 Kg7 50. Nc2 Nd3 0-1


[Site "http://www.Chess.com"]

[Event "FIDE World Rapid Chess Championship 2021"]
[White "Mamedyarov, Shakhriyar"]
[Black "Piorun, Kacper"]
[WhiteFideId "13401319"]
[BlackFideId "1130420"]
[WhiteElo "2727"]
[BlackElo "2547"]
[Result "1-0"]
[Round "09"]
[TimeControl "900+10"]
[Date "2021.12.27"]
[WhiteClock "0:04:55"]
[BlackClock "0:00:08"]

1. d4 Nf6 2. c4 e6 3. Nc3 Bb4 4. Qc2 d5 5. a3 Bxc3+ 6. Qxc3 O-O 7. Bg5 h6 8. Bh4 c5 9. dxc5 d4 10. Qf3 Nbd7 11. O-O-O e5 12. e3 e4 13. Bxf6 Nxf6 14. Qf4 d3 15. f3 Be6 16. fxe4 g5 17. Qe5 Bxc4 18. Qc3 Ba6 19. Bxd3 Bxd3 20. Qxd3 Qxd3 21. Rxd3 Nxe4 22. Nh3 Nxc5 23. Rd5 Rac8 24. Kb1 Rc7 25. Nf2 Kg7 26. h4 Ne6 27. Ne4 gxh4 28. Rxh4 f5 29. Ng3 Rcf7 30. Rd6 Re8 31. e4 fxe4 32. Rxe4 Nc7 33. Rg4+ Kf8 34. Rxh6 Re6 35. Rh5 Ref6 36. Ne4 Rf4 37. Rxf4 Rxf4 38. Nd6 Rg4 39. Rh7 Ne6 40. Rf7+ Kg8 41. Rxb7 a5 42. Ra7 a4 43. Nf5 Kh8 44. Ra6 Nc5 45. Rh6+ Kg8 46. Rc6 1-0


[Site "http://www.Chess.com"]

[Event "FIDE World Rapid Chess Championship 2021"]
[White "Fridman, Daniel"]
[Black "Sarana, Alexey"]
[WhiteFideId "11600454"]
[BlackFideId "24133795"]
[WhiteElo "2542"]
[BlackElo "2680"]
[Result "1/2-1/2"]
[Round "09"]
[TimeControl "900+10"]
[Date "2021.12.27"]
[WhiteClock "0:00:43"]
[BlackClock "0:00:09"]

1. d4 Nf6 2. Nf3 g6 3. c4 Bg7 4. g3 c6 5. Bg2 d5 6. cxd5 cxd5 7. Nc3 O-O 8. Ne5 e6 9. O-O Nfd7 10. e4 Nxe5 11. dxe5 d4 12. Nb5 d3 13. Kh1 Qd7 14. a4 a6 15. Nd6 Bxe5 16. Nc4 Bc7 17. Ra3 Nc6 18. Rxd3 Qe7 19. Bh6 Rd8 20. Rxd8+ Nxd8 21. e5 Bd7 22. Bg5 Qe8 23. b3 Bc6 24. Nd6 Bxg2+ 25. Kxg2 Qc6+ 26. Kg1 Qc3 27. Ne4 Qxe5 28. Nf6+ Kh8 29. h4 Bb6 30. Kh2 Nc6 31. Nd7 Qc7 32. Bf6+ Kg8 33. Qd2 Nd4 34. Qh6 Nf5 35. Qd2 Bd4 36. Bxd4 Qxd7 37. Bc3 Qxd2 38. Bxd2 Rc8 39. Bg5 Nd4 40. Bf6 Nxb3 41. Rb1 Na5 42. Rd1 Nc4 43. Rd7 b5 44. axb5 axb5 45. Rb7 Nd6 46. Rb6 Ne4 47. Bd4 Rd8 48. Be3 Nc3 49. Bh6 Rc8 50. Kg2 e5 51. Bd2 Ne4 52. Be3 f6 53. Rxb5 Rc7 54. Kf3 Nd6 55. Rb6 Rd7 56. Bc5 Ne8 57. g4 Kf7 58. Ke4 Ng7 59. g5 Nh5 60. Rc6 h6 61. gxh6 Kg8 62. Be3 Kh7 63. Re6 Rb7 64. Kf3 Rc7 65. Ke4 Rd7 66. Kf3 Rb7 67. Ke4 f5+ 68. Kxe5 Rb5+ 69. Kd6 f4 70. Bd4 Kxh6 71. Re8 g5 72. Rh8+ Kg6 73. Rg8+ Kf7 74. Rxg5 Rxg5 75. hxg5 Kg6 1/2-1/2


[Site "http://www.Chess.com"]

[Event "FIDE World Rapid Chess Championship 2021"]
[White "Paravyan, David"]
[Black "Indjic, Aleksandar"]
[WhiteFideId "4194985"]
[BlackFideId "911925"]
[WhiteElo "2671"]
[BlackElo "2544"]
[Result "1-0"]
[Round "09"]
[TimeControl "900+10"]
[Date "2021.12.27"]
[WhiteClock "0:07:18"]
[BlackClock "0:01:14"]

1. e4 e5 2. Nf3 Nf6 3. Nc3 Bb4 4. Nxe5 O-O 5. Be2 Re8 6. Ng4 Nxe4 7. Nd5 Bf8 8. d3 Nc5 9. b4 Ne6 10. Bb2 Be7 11. O-O c6 12. Nxe7+ Qxe7 13. Qd2 f5 14. Ne3 f4 15. Nf5 Qf8 16. Bg4 d5 17. Rae1 Na6 18. Rxe6 Rxe6 19. Bxg7 Qxb4 20. Bc3 Qa3 21. Bd4 Rg6 22. Qxf4 Bxf5 23. Bxf5 Qd6 24. Be5 Qb4 25. Bxg6 Qxf4 26. Bxh7+ Kxh7 27. Bxf4 Re8 28. Rb1 b6 29. Kf1 Kg6 30. g3 Kf7 31. f3 Nc5 32. Kf2 Ne6 33. Be3 c5 34. h4 d4 35. Bd2 c4 36. dxc4 Rc8 37. Rb4 Nc5 38. Rb5 Ne6 1-0


[Site "http://www.Chess.com"]

[Event "FIDE World Rapid Chess Championship 2021"]
[White "Predke, Alexandr"]
[Black "Moroni, Luca Jr"]
[WhiteFideId "24107581"]
[BlackFideId "865834"]
[WhiteElo "2630"]
[BlackElo "2519"]
[Result "1-0"]
[Round "09"]
[TimeControl "900+10"]
[Date "2021.12.27"]
[WhiteClock "0:00:44"]
[BlackClock "0:00:01"]

1. d4 g6 2. e4 Bg7 3. Nc3 a6 4. f4 d5 5. Nxd5 e6 6. Ne3 Qxd4 7. Qxd4 Bxd4 8. Nf3 Bg7 9. e5 b6 10. a4 Bb7 11. a5 b5 12. c4 b4 13. Nc2 c5 14. Be3 Bf8 15. Nd2 Nh6 16. Nb3 Nd7 17. Rg1 Nf5 18. Bf2 h5 19. g3 g5 20. fxg5 Rc8 21. O-O-O Nxe5 22. h4 Ng4 23. Bg2 Bc6 24. Bxc6+ Rxc6 25. Rd2 Ne5 26. Re2 Nxc4 27. g4 hxg4 28. Rxg4 Ncd6 29. Nxc5 Nb5 30. Nb3 Be7 31. Kb1 O-O 32. Nxb4 Bxb4 33. Rxb4 Rd8 34. Rd2 Rd5 35. h5 Ne7 36. Rxd5 Nxd5 37. Rg4 Nd6 38. Nc5 Nf5 39. Nd3 Rc8 40. g6 Nf6 41. gxf7+ Kxf7 42. Ne5+ Ke7 43. Rb4 Nxh5 44. Rb6 Nf6 45. Rxa6 Ne4 46. Be1 Kf6 47. Nd7+ Ke7 48. Ra7 Kd6 49. Nb6 Rh8 50. Ka2 Kc6 51. Nc4 Rh1 52. Bb4 Kb5 53. Nd2 Kxb4 54. Nxe4 Nd4 55. a6 Kb5 56. Nd6+ Kc6 57. Ra8 Kxd6 58. Rd8+ Kc7 59. a7 1-0


[Site "http://www.Chess.com"]

[Event "FIDE World Rapid Chess Championship 2021"]
[White "Maghsoodloo, Parham"]
[Black "Howell, David W L"]
[WhiteFideId "12539929"]
[BlackFideId "410608"]
[WhiteElo "2512"]
[BlackElo "2624"]
[Result "1-0"]
[Round "09"]
[TimeControl "900+10"]
[Date "2021.12.27"]
[WhiteClock "0:06:53"]
[BlackClock "0:00:23"]

1. d4 Nf6 2. c4 g6 3. Nc3 d5 4. Nf3 Bg7 5. h3 O-O 6. cxd5 Nxd5 7. e4 Nxc3 8. bxc3 c5 9. Be2 b6 10. O-O Bb7 11. Qd3 cxd4 12. cxd4 Ba6 13. Qe3 Bxe2 14. Qxe2 Nc6 15. Bb2 Nxd4 16. Bxd4 Bxd4 17. Rad1 e5 18. Nxe5 Qc7 19. Nxf7 Bxf2+ 20. Qxf2 Rxf7 21. Qxf7+ Qxf7 22. Rxf7 Kxf7 23. Rd7+ Kg8 24. Kf2 Rf8+ 25. Ke3 Rf7 26. Rd8+ Kg7 27. e5 a5 28. g4 g5 29. e6 Re7 30. Rd6 Kf6 31. Rxb6 Ke5 32. Ra6 h6 33. a4 Kd5 34. Kd3 Rc7 35. Rxa5+ Kxe6 36. Kd4 Rd7+ 37. Kc4 Kf6 38. Rf5+ Ke6 39. a5 Rd1 40. a6 Ra1 41. Kb5 Ra3 42. Kb6 1-0


[Site "http://www.Chess.com"]

[Event "FIDE World Rapid Chess Championship 2021"]
[White "Heimann, Andreas"]
[Black "Dudin, Gleb"]
[WhiteFideId "24624632"]
[BlackFideId "34184934"]
[WhiteElo "2616"]
[BlackElo "2247"]
[Result "1/2-1/2"]
[Round "09"]
[TimeControl "900+10"]
[Date "2021.12.27"]
[WhiteClock "0:01:43"]
[BlackClock "0:00:54"]

1. d4 d5 2. c4 c6 3. Nf3 Nf6 4. cxd5 cxd5 5. Nc3 Nc6 6. Bf4 Bf5 7. e3 a6 8. Be2 e6 9. O-O Be7 10. Rc1 O-O 11. a3 Rc8 12. Na4 Ne4 13. Nd2 Nxd2 14. Qxd2 b5 15. Nc5 Na5 16. Nxa6 Nb3 17. Rxc8 Qxc8 18. Qc3 Qxc3 19. bxc3 Bxa3 20. Bxb5 Rc8 21. Nc7 Bb2 22. g4 Bc2 23. Bd7 Rd8 24. Ba4 Nxd4 25. cxd4 Bxa4 26. Rb1 Bc3 27. Na6 h6 28. Nc5 Ra8 29. Kg2 Bc2 30. Rb8+ Rxb8 31. Bxb8 Ba5 32. Bd6 Bd8 33. Kg3 g5 34. Nb7 Bf6 35. Nc5 Bd8 36. f3 Ba5 37. Kf2 Bd1 38. Be7 Bc7 39. h4 gxh4 40. Bxh4 Bd6 41. Nd7 Ba4 42. Nf6+ Kg7 43. Nh5+ Kg6 44. Bg3 Be7 45. Nf4+ Kg7 46. Nd3 Bb5 47. Nf4 Bc4 48. Kg2 Bb5 49. Be1 Bg5 50. Kg3 Bxf4+ 51. Kxf4 f6 1/2-1/2


[Site "http://www.Chess.com"]

[Event "FIDE World Rapid Chess Championship 2021"]
[White "Erdos, Viktor"]
[Black "Puranik, Abhimanyu"]
[WhiteFideId "719978"]
[BlackFideId "5061245"]
[WhiteElo "2601"]
[BlackElo "2472"]
[Result "0-1"]
[Round "09"]
[TimeControl "900+10"]
[Date "2021.12.27"]
[WhiteClock "0:00:54"]
[BlackClock "0:00:42"]

1. e4 e5 2. Nf3 Nc6 3. Bc4 Bc5 4. c3 Nf6 5. d4 exd4 6. e5 d5 7. Bb5 Ne4 8. cxd4 Bb6 9. Nc3 O-O 10. Be3 Bg4 11. h3 Bh5 12. Qc2 Nxc3 13. bxc3 f6 14. exf6 Qxf6 15. Be2 Bg6 16. Bd3 Bxd3 17. Qxd3 Qf5 18. Qxf5 Rxf5 19. a4 Na5 20. Ne5 c5 21. g4 cxd4 22. cxd4 Rff8 23. O-O Rfc8 24. Rfb1 Rc2 25. Rb5 Rd8 26. Re1 Nc6 27. Nxc6 bxc6 28. Rbb1 Rc4 29. Rec1 Rxa4 30. Rxc6 Rd7 31. Rc8+ Kf7 32. Rd1 Rc4 33. Rb8 Rdc7 34. Bf4 Re7 35. Be5 Bc7 36. Rb5 a6 37. Rxd5 Ke6 38. Bxc7 Kxd5 39. Be5 a5 40. Rb1 Ra7 41. Rb5+ Kc6 42. Rb8 a4 43. Rd8 Rd7 44. Rc8+ Kd5 45. Ra8 Rf7 46. Kg2 Ke4 47. Ra5 g6 48. h4 Rb4 49. h5 gxh5 50. gxh5 Rf5 51. Ra7 Rg5+ 52. Kh3 h6 53. Ra6 Rxh5+ 54. Kg2 Rg5+ 55. Kh3 Rb1 56. Bg3 Ra1 57. Kg2 h5 58. Kh3 Kxd4 59. Bf4 Rf5 60. Bh6 Kc4 61. f4 Ra2 62. Bg5 Rb5 63. Kh4 Rh2+ 64. Kg3 Ra2 65. Kh4 a3 66. Kxh5 Kb3 67. Kg6 Rf2 68. Be7 a2 69. Bd6 Kb2 70. Be5+ Kb1 71. Ra4 Re2 72. Kf6 Re3 73. Ra8 Rbb3 74. Bd4 Re4 75. Be5 Re2 76. Ra6 Rb4 77. Kf5 Kc1 78. Bc3 Rb3 79. Be5 Kd1 80. Ra5 Ke1 81. Kg4 Rg2+ 82. Kf5 Re2 83. Kg4 Kf2 84. Bd4+ Kg2 85. Be5 Rb4 86. Kg5 Kf3 87. Kf5 Rb3 88. Ra4 Rh2 89. Kg5 Rg2+ 90. Kf5 Ke3 91. Bd4+ Kd3 92. Be5 Rb5 93. Ra3+ Kc4 94. Ra4+ Kb3 95. Ra8 Re2 96. Ra6 Rb4 97. Ra7 Rxe5+ 98. fxe5 Ra4 99. Rb7+ Ka3 0-1


[Site "http://www.Chess.com"]

[Event "FIDE World Rapid Chess Championship 2021"]
[White "Suleymanli, Aydin"]
[Black "Socko, Bartosz"]
[WhiteFideId "13413937"]
[BlackFideId "1107038"]
[WhiteElo "2202"]
[BlackElo "2562"]
[Result "1/2-1/2"]
[Round "09"]
[TimeControl "900+10"]
[Date "2021.12.27"]
[WhiteClock "0:00:54"]
[BlackClock "0:05:46"]

1. d4 e6 2. c4 b6 3. a3 c5 4. d5 Nf6 5. Nc3 exd5 6. cxd5 d6 7. e4 a6 8. f4 Be7 9. Nf3 Bg4 10. Be2 O-O 11. e5 Ne8 12. O-O Nd7 13. Nd2 Bxe2 14. Qxe2 b5 15. e6 Nb6 16. exf7+ Rxf7 17. Nde4 Nc7 18. Rd1 Qd7 19. Be3 Nc4 20. b4 cxb4 21. axb4 Re8 22. g3 Bf6 23. Bd4 Bxd4+ 24. Rxd4 Rfe7 25. Qh5 Ne3 26. Qe2 Nc4 27. Qh5 Ne3 28. Qe2 1/2-1/2


[Site "http://www.Chess.com"]

[Event "FIDE World Rapid Chess Championship 2021"]
[White "Parligras, Mircea-Emilian"]
[Black "Babazada, Khazar"]
[WhiteFideId "1204297"]
[BlackFideId "13413554"]
[WhiteElo "2550"]
[BlackElo "2170"]
[Result "1/2-1/2"]
[Round "09"]
[TimeControl "900+10"]
[Date "2021.12.27"]
[WhiteClock "0:04:03"]
[BlackClock "0:08:55"]

1. d4 g6 2. e4 Bg7 3. c4 d6 4. Nc3 Nf6 5. h3 O-O 6. Be3 Nbd7 7. Nf3 e5 8. d5 Nc5 9. Nd2 a5 10. g4 c6 11. Be2 Bd7 12. g5 Ne8 13. h4 f5 14. f3 a4 15. Qc2 Qa5 16. a3 Nc7 17. h5 Rfc8 18. hxg6 hxg6 19. Kf1 cxd5 20. cxd5 Nb5 21. Nc4 Qc7 22. Nxb5 Bxb5 23. exf5 Nb3 24. f6 Bxc4 25. Qxg6 Bxe2+ 26. Kg1 Bd3 27. Qxd3 Qc2 28. Rd1 Qxd3 29. Rxd3 Bxf6 30. gxf6 Kf7 31. Rh7+ Kxf6 32. Rh6+ Kf5 33. Rh5+ Kf6 34. Rh6+ 1/2-1/2


[Site "http://www.Chess.com"]